Map: Curious Minds LE

Players

Pandemic - Winner!

  • Race: Terran Terran
  • League: Platinum

thoroth

  • Race: Zerg Zerg
  • League: Platinum

VOD

Have the link to the VOD?

Description

Time

  • Played on: Oct. 23, 2021, 5:49 p.m.
  • Length: 11:19
Show
View Real Time Build Order
Export as new Build Order

Pandemic Terran - Winner!

Build Orders: Hellion Banshee 

Get SALT Encoding   

  12  0:00  SCV  
  13  0:12  SCV  
  14  0:17  Supply Depot  
  14  0:24  SCV  
  15  0:38  SCV  
  15  0:39  Barracks  
  16  0:45  Refinery  
  16  0:50  SCV  
  17  1:03  SCV  
  18  1:15  SCV  
  19  1:27  Orbital Command, Marine  
  20  1:44  Command Center  
  20  1:49  Barracks Reactor  
  20  1:53  Supply Depot  
  20  1:57  SCV  
  21  2:09  SCV  
  22  2:21  Factory, SCV  
  22  2:22  Bunker  
  23  2:29  Refinery  
  23  2:33  SCV  
  23  2:37  Barracks Tech Lab  
  24  2:45  SCV  
  25  2:58  Orbital Command, SCV  
  26  3:11  Starport, SCV  
  26  3:12  Hellion x2  
  31  3:22  Barracks Tech Lab  
  31  3:23  SCV  
  31  3:26  SCV  
  33  3:34  Hellion  
  35  3:35  SCV  
  35  3:36  Supply Depot  
  35  3:37  Hellion  
  35  3:38  SCV  
  35  3:41  Marine  
  39  3:47  SCV  
  41  3:50  SCV  
  41  3:55  Hellion  
  44  3:58  Barracks  
  44  3:59  SCV, Marine  
  44  4:00  Supply Depot  
  44  4:02  SCV  
  47  4:03  Banshee  
  50  4:11  SCV  
  50  4:14  SCV  
  50  4:16  Marine  
  52  4:21  Barracks  
  52  4:23  SCV  
  54  4:25  Supply Depot  
  54  4:26  SCV  
  54  4:30  Hellion  
  54  4:31  Hellion  
  59  4:35  SCV  
  59  4:37  Marine  
  61  4:38  SCV  
  60  4:47  SCV  
  61  4:55  Marine  
  62  5:02  SCV x2  
  62  5:11  Barracks Reactor, Combat Shield  
  62  5:12  Marine  
  62  5:13  Barracks Tech Lab  
  59  5:14  SCV x2  
  59  5:20  Supply Depot  
  61  5:21  Command Center  
  61  5:23  Refinery  
  61  5:24  Refinery  
  61  5:26  SCV x2  
  63  5:30  Marine  
  63  5:31  Engineering Bay  
  63  5:32  Siege Tank  
  63  5:35  Medivac  
  69  5:38  SCV  
  69  5:42  SCV  
  71  5:44  Supply Depot  
  71  5:47  Medivac  
  71  5:48  Marine  
  71  5:49  Marine x3  
  77  5:51  Stimpack  
  77  5:52  SCV  
  77  5:55  Armory  
  78  6:03  Supply Depot  
  78  6:05  Supply Depot, SCV, Siege Tank  
  78  6:06  Marine  
  78  6:07  SCV  
  84  6:12  Supply Depot  
  84  6:17  Sensor Tower  
  84  6:19  SCV  
  84  6:21  SCV  
  84  6:25  Marauder, Marine x3  
  91  6:26  Terran Infantry Weapons Level 1  
  91  6:30  Concussive Shells  
  91  6:31  SCV  
  92  6:35  Supply Depot  
  92  6:36  SCV  
  92  6:39  Barracks  
  93  6:41  Barracks  
  93  6:43  Marauder  
  93  6:45  Marine x2, SCV  
  93  6:46  Marine  
  99  6:54  SCV  
  99  6:57  Orbital Command, SCV  
  101  7:07  SCV  
  101  7:08  Marine x4  
  102  7:09  SCV  
  104  7:20  SCV  
  104  7:21  SCV  
  106  7:25  SCV  
  106  7:26  Reaper, Marine  
  106  7:27  Marauder x2  
  114  7:31  Barracks Tech Lab  
  114  7:32  Barracks Reactor, SCV  
  114  7:34  Refinery, SCV  
  115  7:37  Refinery, Command Center  
  115  7:38  SCV  
  115  7:44  Sensor Tower, Marine  
  116  7:47  Marine  
  116  7:50  SCV  
  116  7:51  SCV x2  
  121  7:56  Marine  
  121  7:57  Marauder  
  124  8:00  Siege Tank  
  124  8:02  Medivac  
  124  8:03  SCV x3  
  132  8:07  Marine  
  133  8:14  Supply Depot  
  133  8:16  Supply Depot  
  133  8:19  Supply Depot x2  
  133  8:27  SCV  
  133  8:36  Marauder x3, SCV, Marine  
  133  8:38  Medivac x2, Siege Tank, SCV  
  133  8:41  SCV  
  150  8:43  Supply Depot  
  151  8:48  SCV  
  151  8:50  SCV  
  151  8:53  SCV  
  153  8:58  Marauder x3  
  153  9:00  SCV  
  153  9:02  SCV  
  161  9:05  Marine x2, SCV  
  161  9:06  Marine x2  
  161  9:08  Terran Infantry Armor Level 1, Medivac x2  
  170  9:10  Siege Tank  
  170  9:12  SCV, Engineering Bay  
  170  9:13  Terran Vehicle And Ship Armor Level 1  
  170  9:14  SCV  
  175  9:19  Marauder x3  
  175  9:20  Planetary Fortress  
  175  9:23  Marine x2  
  175  9:24  Marine x2  
  188  9:33  Refinery x2  
  188  9:38  Medivac  
  187  9:41  Marine  
  188  9:46  Marine  
  188  9:47  Marine  
  188  9:48  Marine  
  188  9:49  Marauder  
  188  9:50  Marauder  
  188  9:51  Marauder  
  187  9:53  Siege Tank  
  187  9:59  Marine  
  182  10:04  Marine x2  
  182  10:05  Marine  
  185  10:07  Command Center  
  185  10:10  Marauder  
  185  10:14  Command Center  
  187  10:19  Supply Depot  
  187  10:20  Supply Depot  
  187  10:26  Supply Depot  
  187  10:31  Marauder x2  
  187  10:32  Marine x2  
  188  10:40  Marine  
  188  10:41  Marauder, Medivac x2, Siege Tank, Marine  
  199  10:49  Marine  
Show
View Real Time Build Order
Export as new Build Order

thoroth Zerg 

Build Orders: Hatch First 

Get SALT Encoding   

  12  0:00  Drone  
  13  0:12  Overlord  
  13  0:18  Drone  
  14  0:31  Drone x2  
  16  0:51  Hatchery  
  16  0:55  Drone  
  16  0:57  Drone  
  16  1:01  Drone  
  18  1:16  Spawning Pool  
  17  1:19  Drone  
  17  1:25  Drone  
  19  1:28  Drone  
  19  1:31  Extractor  
  19  1:42  Drone  
  20  1:50  Overlord  
  20  2:02  Queen  
  20  2:03  Queen  
  20  2:04  Overlord  
  20  2:05  Drone  
  25  2:16  Overlord  
  25  2:17  Drone  
  27  2:22  Drone  
  27  2:25  Drone  
  28  2:35  Drone x2  
  30  2:46  Drone x2  
  30  2:47  Queen  
  34  2:54  Lair  
  34  2:58  Drone x2  
  36  3:09  Drone, Overlord  
  36  3:12  Drone  
  38  3:13  Drone x3  
  38  3:14  Drone  
  38  3:16  Drone  
  43  3:29  Roach Warren  
  43  3:31  Extractor  
  43  3:32  Extractor, Evolution Chamber  
  39  3:43  Drone x6  
  45  3:53  Zergling x4  
  47  3:59  Drone x5  
  52  4:05  Zerg Missile Weapons Level 1  
  52  4:10  Glial Reconstitution  
  52  4:14  Overlord x2  
  52  4:31  Hatchery  
  51  4:42  Roach x7  
  51  4:43  Roach  
  63  5:04  Roach x4  
  68  5:18  Overlord x4  
  68  5:51  Drone  
  68  5:52  Drone x6  
  68  5:53  Drone x3  
  78  6:06  Queen  
  78  6:07  Drone x3  
  83  6:12  Zerg Ground Armor Level 1  
  83  6:21  Evolution Chamber  
  82  6:26  Drone x4  
  82  6:27  Drone x5  
  89  7:02  Queen  
  89  7:03  Queen  
  89  7:05  Spore Crawler  
  91  7:12  Spore Crawler  
  90  7:25  Overseer  
  90  7:27  Overseer  
  90  7:32  Extractor  
  90  7:33  Extractor  
  88  7:37  Queen  
  90  7:46  Drone x10  
  90  7:47  Drone x6  
  106  7:53  Spore Crawler  
  105  8:03  Zerg Missile Weapons Level 2  
  105  8:17  Infestation Pit  
  105  8:19  Hydralisk Den  
  102  8:34  Drone x5  
  102  8:35  Overlord x4  
  106  8:56  Extractor  
  105  9:05  Hatchery  
  105  9:06  Grooved Spines, Hydralisk  
  105  9:07  Hydralisk x8  
  122  9:10  Hive  
  122  9:26  Overlord x4  
  122  9:27  Drone x12  
  122  9:28  Drone x4  
  138  9:32  Overseer x2  
  138  9:33  Overlord x3  
  128  9:54  Drone  
  128  9:55  Drone x2  
  128  9:56  Drone x3  
  134  10:26  Extractor  
  134  10:27  Extractor  
  132  10:31  Hydralisk  
  132  10:32  Hydralisk x2  
  132  10:33  Roach  
  132  10:34  Roach x13  
Tags
 
Add a new tag
Caveats
  • Supply blocks, unpowered buildings, or Contaminate may cause inaccurate times.
  • Supply counts are checked every 10 seconds.